 Dungeon Crawl Stone Soup version 0.28-a0-1199-gef9e1dbd39 (webtiles) character file.

Game seed: 18242049633715940503

201364 blank1 the Acrobat (level 18, -49/162 HPs)
             Began as a Merfolk Gladiator on Dec 19, 2021.
             Was the Champion of Okawaru.
             Killed from afar by Nikola (75 damage)
             ... with an arc of chain lightning
             ... on level 4 of the Snake Pit on Dec 20, 2021.
             The game lasted 01:34:03 (31428 turns).

blank1 the Acrobat (Merfolk Gladiator)             Turns: 31428, Time: 01:34:04

Health: -49/162    AC: 41    Str: 20    XL:     18   Next: 54%
Magic:  17/28      EV: 25    Int: 11    God:    Okawaru [******]
Gold:   2863       SH:  7    Dex: 27    Spells: 20/31 levels left

rFire   + + +      SeeInvis .   y - +3 Elemental Staff {rElec rF++ rC++ AC+5}
rCold   + + +      Faith    .   g - +0 buckler of Ehaedob {+Inv rF+ Regen+ Slay+3}
rNeg    . . .      Spirit   .   T - +12 plate armour of Majestic Happiness {Str+3}
rPois   +          Reflect  .   S - +1 hat "Ykkeref" {rC+}
rElec   +          Harm     .   i - +1 cloak {rPois}
rCorr   .          Rampage  .   Q - +2 pair of gloves {infuse}
Will    +....                   K - +2 pair of boots of Cueguz {Dex+4}
Stlth   ..........              (no amulet)
HPRegen 1.17/turn               h - +6 ring of dexterity
MPRegen 0.21/turn               C - +4 ring of evasion

@: no status effects
A: (nimble swimmer 2), mertail
}: 1/15 runes: decaying
a: Renounce Religion, Evoke Invisibility, Heroism, Finesse, Duel


You were on level 4 of the Snake Pit.
You worshipped Okawaru.
Okawaru was exalted by your worship.
You visited 5 branches of the dungeon, and saw 31 of its levels.
You also visited: Gauntlet.

You collected 2889 gold pieces.
You spent 26 gold pieces at shops.

Inventory:

Hand Weapons
 b - the +5 demon trident "Ovvuatagu" {freeze, Int+2 Dex+5}
   (You acquired it on level 7 of the Dungeon)

   It freezes those it strikes, dealing additional cold damage.
   It can also slow down cold-blooded creatures.
   Int:       It affects your intelligence (+2).
   Dex:       It affects your dexterity (+5).
 c - a +2 spectral demon trident
 y - the +3 Elemental Staff (weapon) {rElec rF++ rC++ AC+5}
   (You found it on level 8 of the Dungeon)

   If the wielder is skilled in Evocations, they can discharge powerful blasts
   of elemental energy when striking with it.
   It enhances your fire, ice, earth and air magic.
   AC:        It affects your AC (+5).
   rF:        It greatly protects you from fire.
   rC:        It greatly protects you from cold.
   rElec:     It insulates you from electricity.
 P - a +1 antimagic demon trident
Missiles
 d - 5 throwing nets (quivered)
Armour
 g - the +0 buckler of Ehaedob (worn) {+Inv rF+ Regen+ Slay+3}
   (You acquired it on level 6 of the Dungeon)

   Slay:      It affects your accuracy & damage with ranged weapons and melee
   (+3).
   rF:        It protects you from fire.
   +Inv:      It lets you turn invisible.
   Regen:     It increases your rate of health regeneration.
 i - a +1 cloak of poison resistance (worn)
 K - the +2 pair of boots of Cueguz (worn) {Dex+4}
   (Okawaru gifted it to you on level 4 of the Lair of Beasts)

   Dex:       It affects your dexterity (+4).
 Q - a +2 pair of gloves of infusion (worn)
 S - the +1 hat "Ykkeref" (worn) {rC+}
   (You found it in a Gauntlet)

   rC:        It protects you from cold.
 T - the +12 plate armour of Majestic Happiness (worn) {Str+3}
   (You found it on level 2 of the Swamp)

   Str:       It affects your strength (+3).
Jewellery
 h - a +6 ring of dexterity (left hand)
 s - a ring of see invisible
 w - the ring of Sasunt {+Blink rC+ Will+ Int-5 Dex+2}
   (You found it on level 8 of the Dungeon)

   [ring of protection from cold]

   Int:       It affects your intelligence (-5).
   Dex:       It affects your dexterity (+2).
   rC:        It protects you from cold.
   +Blink:    It lets you blink.
   Will:      It increases your willpower.
 C - a +4 ring of evasion (right hand)
 G - a ring of flight
 R - the amulet "Pibexeth" {Faith rC+ rN+ Int-5}
   (You found it in a Gauntlet)

   [amulet of faith]

   It allows you to gain divine favour quickly.
   Int:       It affects your intelligence (-5).
   rC:        It protects you from cold.
   rN:        It protects you from negative energy.
Wands
 e - a wand of acid (6)
 p - a wand of mindburst (12)
 v - a wand of flame (99)
 E - a wand of polymorph (21)
 M - a wand of iceblast (11)
 U - a wand of digging (9)
Scrolls
 a - 7 scrolls of enchant armour
 o - 7 scrolls of teleportation
 q - 6 scrolls of amnesia
 z - 4 scrolls of magic mapping
 A - 3 scrolls of fear
 B - 6 scrolls of blinking
 D - 19 scrolls of identify
 F - 6 scrolls of fog
 J - 3 scrolls of summoning
 L - 3 scrolls of holy word
 N - 4 scrolls of enchant weapon
Potions
 f - 5 potions of ambrosia
 j - 7 potions of curing
 k - 4 potions of brilliance
 l - 4 potions of magic
 m - 2 potions of cancellation
 n - 2 potions of heal wounds
 r - 5 potions of mutation
 t - 7 potions of attraction
 u - 6 potions of flight
 x - 3 potions of lignification
 H - a potion of invisibility
 I - 4 potions of haste
 O - 4 potions of might
 V - a potion of berserk rage


   Skills:
 + Level 20.0 Fighting
 - Level 15.0(15.5) Polearms
 - Level 3.8(7.0) Staves
 - Level 2.0 Throwing
 - Level 10.0 Armour
 - Level 22.0 Dodging
 - Level 4.0 Shields
 - Level 7.0 Spellcasting
 - Level 7.0 Translocations
 - Level 8.0 Invocations
 + Level 3.0 Evocations


You had 20 spell levels left.
You knew the following spells:

 Your Spells              Type           Power      Damage    Failure   Level
a - Blink                 Tloc           38%        N/A       26%         2
b - Manifold Assault      Tloc           19%        N/A       99%         5
c - Apportation           Tloc           38%        N/A       17%         1
d - Lesser Beckoning      Tloc           19%        N/A       45%         3

Your spell library contained the following spells:

 Spells                   Type           Power      Damage    Failure   Level
 Passage of Golubria      Tloc           19%        N/A       86%         4
 Portal Projectile        Hex/Tloc       22%        N/A       91%         3
 Freeze                   Ice            20%        1d4       96%         1
 Corpse Rot               Necr/Air       10%        N/A       99%         2
 Passwall                 Tmut/Erth      4%         N/A       99%         2
 Poisonous Vapours        Pois/Air       10%        N/A       99%         2
 Sublimation of Blood     Necr           3%         N/A       99%         2
 Wereblood                Tmut           3%         N/A       99%         2
 Frozen Ramparts          Ice            10%        1d3       100%        3
 Ignite Poison            Fire/Tmut/Pois 5%         N/A       100%        3
 Mephitic Cloud           Conj/Pois/Air  5%         N/A       100%        3
 Ozocubu's Armour         Ice            5%         N/A       100%        3
 Vampiric Draining        Necr           3%         2d6       100%        3
 Hailstorm                Conj/Ice       5%         3d4       100%        4
 Ice Form                 Ice/Tmut       5%         N/A       100%        4
 Leda's Liquefaction      Hex/Erth       2%         N/A       100%        4
 Alistair's Intoxication  Tmut/Pois      2%         N/A       100%        5
 Blade Hands              Tmut           1%         N/A       100%        5
 Borgnjor's Vile Clutch   Necr/Erth      2%         N/A       100%        5
 Freezing Cloud           Conj/Ice/Air   4%         6-21      100%        5
 Irradiate                Conj/Tmut      1%         3d14      100%        5
 Metabolic Englaciation   Hex/Ice        2%         N/A       100%        5
 Silence                  Hex/Air        2%         N/A       100%        5
 Iron Shot                Conj/Erth      2%         9d2       100%        6
 Dragon Form              Tmut           1%         N/A       100%        7
 Storm Form               Tmut/Air       2%         N/A       100%        7
 Disjunction              Tloc           9%         N/A       100%        8
 Lehudib's Crystal Spear  Conj/Erth      2%         10d2      100%        8
 Death's Door             Necr           1%         N/A       100%        9
 Animate Skeleton         Necr           Unusable   N/A       N/A         1
 Call Canine Familiar     Summ           Unusable   N/A       N/A         3
 Animate Armour           Summ/Erth      Unusable   N/A       N/A         4
 Animate Dead             Necr           Unusable   N/A       N/A         4
 Summon Lightning Spire   Summ/Air       Unusable   N/A       N/A         4
 Summon Forest            Summ/Tloc      Unusable   N/A       N/A         5
 Death Channel            Necr           Unusable   N/A       N/A         6
 Simulacrum               Ice/Necr       Unusable   N/A       N/A         6
 Summon Hydra             Summ           Unusable   N/A       N/A         7

Dungeon Overview and Level Annotations

Branches:
Dungeon (15/15)            Temple (0/1) D:5            Lair (6/6) D:10
  Swamp (4/4) Lair:4        Snake (4/4) Lair:3        Slime (0/5) Lair:5
    Orc (2/2) D:9             Elf (0/3) Orc:2        Vaults (0/5) D:14
 Depths (0/4) D:15        Gauntlet (visited)

Altars:
Ashenzari
Dithmenos
Gozag
Hepliaklqana
Okawaru
Trog
Xom
Zin
Beogh

Shops:
D:12 (   D:14 [   Orc:1 *   Orc:2 (*=[   Snake:2 (*:((

Annotations:
D:15 3 runed translucent doors, Jargonaut's ghost, journeyman MiGl
Lair:4 2 runed translucent doors, Aluic's ghost, adept MiBe
Snake:4 Nikola


Innate Abilities, Weirdness & Mutations

((You are quick and stealthy near water. (Stealth+, EV+, Speed+++)))
Your lower body shifts to a powerful aquatic tail in water.


Message History

* * * LOW HITPOINT WARNING * * *
A bolt of lightning appears from out of thin air!
The bolt of lightning hits Nikola!
You hear a shout!
You hear an angry hiss.
Unknown command.
You feel much better.
Nikola casts a spell.
Nikola blinks!
Unknown command.
You hit Nikola.
Nikola is almost dead.
Nikola mumbles some strange words.
Lightning arcs from Nikola's hands!
The bolt of lightning hits you! You resist.
A bolt of lightning appears from out of thin air!
The bolt of lightning hits Nikola.
You hear an angry hiss.
Unknown command.
You hit Nikola. You burn Nikola!!
Nikola is almost dead.
Nikola barely misses you.
You barely miss Nikola.
Nikola is almost dead.
You block Nikola's attack.
Unknown command.
You sock Nikola!
Nikola is almost dead.
Nikola casts a spell.
Nikola blinks!
Unknown command.
Nikola mumbles, "Hm, I wonder if you're conductive."
Nikola mumbles some strange words.
Nikola blinks!
Nikola casts a spell.
Lightning arcs from Nikola's hands!
The bolt of lightning hits you!! You resist.
* * * LOW HITPOINT WARNING * * *
Nikola mumbles some strange words.
Lightning arcs from Nikola's hands!
The bolt of lightning hits you!!!! You resist.
You die...

##.....#........
#.....'.####+##### . .
#.....#.#........#..
..###..##.#.†......#.#
....####..'........#.##♣♣
.......†..#....†)†≈≈P≈≈≈≈
.....(.#..#......≈≈P≈≈≈≈≈
.#.....#..#####.@PP≈≈PP≈≈
##....#........@.P≈≈P≈≈≈
........#####....P≈≈≈≈≈≈
.........#...#.....≈≈≈≈≈≈
.........#...'...≈P≈≈≈≈≈≈
.........###+#...≈≈≈P≈≈≈≈
.................≈≈≈≈≈≈≈
................≈≈≈≈P≈≈≈
..#######.......≈≈≈≈≈≈≈≈
#..........###♣♣


You could see Nikola.

Vanquished Creatures
  Vashnia (Snake:3)
  Jorgrun (Snake:2)
  Agnes (Snake:4)
  A thorn hunter (Swamp:2)
  A fenstrider witch (Swamp:4)
  Kirke (Snake:1)
  A fire giant (D:15)
  Aizul (Snake:3)
  Louise (D:14)
  An orc warlord (Orc:2)
  3 eleionomae
  A very ugly thing (Swamp:4)
  Nessos (D:14)
  A spark wasp (Swamp:2)
  2 dire elephants (Lair:6)
  A minotaur (Gauntlet)
  2 green deaths (Swamp:4)
  4 naga warriors
  20 hydras
  Fannar (Lair:2)
  A yaktaur captain (D:14)
  The ghost of croobank the Blocker, a journeyman DgFi (Orc:2)
  Josephine (D:14)
  A great orb of eyes (Swamp:4)
  4 boulder beetles
  6 centaur warriors
  An anaconda (Snake:1)
  3 ghost crabs
  2 catoblepae
  2 hell beasts (Swamp:4)
  5 two-headed ogres
  5 alligators
  A death knight (D:14)
  3 death yaks (Lair:6)
  An orc high priest (Orc:2)
  3 shock serpents
  The ghost of ardl the Cudgeller, a novice OgGl of Zin (D:7)
  14 naga sharpshooters
  6 spriggans
  Sonja (Lair:5)
  2 salamander mystics (Snake:3)
  14 skeletal warriors
  A fire crab (shapeshifter) (D:13)
  4 goliath frogs
  7 spriggan druids
  8 swamp dragons
  2 wizards (Gauntlet)
  4 sea snakes (Snake:4)
  8 bog bodies
  4 lindwurms
  4 orc knights
  5 cyclopes
  A deep elf pyromancer (D:15)
  20 ugly things
  8 salamanders
  4 orc sorcerers
  5 mana vipers
  3 will-o-the-wisps
  A moth of wrath (Gauntlet)
  A manticore (D:13)
  3 centaur zombies
  18 elephants
  28 black mambas
  A guardian serpent (Snake:3)
  13 naga magi
  Joseph (D:9)
  12 cane toads
  6 orange demons
  2 gargoyles
  2 yaktaurs (D:14)
  7 rime drakes
  3 freezing wraiths
  11 komodo dragons
  A red devil (D:11)
  6 trolls
  A queen bee (Lair:5)
  9 meliai
  A meliai (shapeshifter) (D:8)
  7 polar bears
  11 tyrant leeches
  9 slime creatures
  10 blink frogs
  3 hornets
  A meliai zombie (D:11)
  3 large abominations (Swamp:4)
  3 dream sheep (Lair:6)
  4 redbacks (Gauntlet)
  Sigmund (D:4)
  2 vampires (D:12)
  6 wraiths
  4 shadows (Swamp:4)
  7 wyverns
  64 yaks
  A human (shapeshifter) (D:15)
  7 hogs (Snake:1)
  8 basilisks
  24 vampire mosquitoes
  4 steam dragons
  28 nagas
  2 wargs
  2 acid dragons
  13 swamp worms
  10 water moccasins
  4 swamp drakes
  An ice beast (D:7)
  33 orc warriors
  A sky beast (D:6)
  6 black bears
  12 ogres
  3 necrophages
  11 wolves
  15 centaurs
  A phantom (D:7)
  2 kobold brigands
  A wyvern zombie (D:9)
  10 bullfrogs
  A gnoll sergeant (D:3)
  2 scorpions
  A water moccasin skeleton (D:5)
  40 killer bees
  9 wights
  4 howler monkeys
  An electric eel (Snake:4)
  20 orc priests
  2 gnoll shamans
  2 hounds
  4 jellies
  A bullfrog skeleton (D:6)
  4 iguanas
  28 orc wizards
  A hell rat (Lair:6)
  A killer bee zombie (D:3)
  A hound skeleton (D:4)
  A killer bee simulacrum (D:7)
  12 gnolls
  2 howler monkey zombies
  7 adders
  A river rat (Lair:5)
  5 white imps
  An ufetubus (D:6)
  2 adder skeletons (D:4)
  2 worms
  4 dart slugs
  89 orcs
  9 endoplasms
  3 giant cockroaches (D:2)
  7 goblins
  4 hobgoblins
  14 kobolds
  4 quokkas
  7 ball pythons
  5 bats
  6 frilled lizards
  3 rats
  A briar patch (Swamp:2)
984 creatures vanquished.

Vanquished Creatures (others)
  An eleionoma (Swamp:1)
  2 bloated husks (Swamp:1)
  A hornet (Swamp:4)
  A naga (Snake:4)
  A hell rat (Lair:5)
  A briar patch (Swamp:2)
  6 foxfires (Swamp:1)
  24 fungi
  29 plants
66 creatures vanquished.

Grand Total: 1050 creatures vanquished

Notes
Turn   | Place    | Note
-------+----------+-------------------------------------------
     0 | D:1      | blank1 the Merfolk Gladiator began the quest for the Orb.
     0 | D:1      | Reached XP level 1. HP: 16/16 MP: 1/1
   327 | D:1      | Reached XP level 2. HP: 23/23 MP: 2/2
   689 | D:1      | Found a faded altar of an unknown god.
  1132 | D:2      | Reached XP level 3. HP: 28/28 MP: 3/3
  1229 | D:2      | Reached skill level 5 in Polearms
  1299 | D:2      | Found an iron altar of Okawaru.
  1369 | D:2      | Became a worshipper of Warmaster Okawaru
  1458 | D:2      | Reached skill level 1 in Armour
  1730 | D:2      | Reached XP level 4. HP: 23/35 MP: 4/4
  2028 | D:3      | Learned a level 2 spell: Blink
  2361 | D:3      | Reached skill level 5 in Dodging
  2361 | D:3      | Reached skill level 1 in Invocations
  2771 | D:4      | Reached XP level 5. HP: 37/41 MP: 4/6
  3284 | D:3      | Reached XP level 6. HP: 24/48 MP: 7/7
  3285 | D:3      | Reached * piety under Okawaru
  4047 | D:4      | Noticed Sigmund
  4049 | D:4      | Found a bloodstained altar of Trog.
  4059 | D:4      | Killed Sigmund
  4060 | D:4      | Reached skill level 6 in Dodging
  4060 | D:4      | Reached XP level 7. HP: 46/55 MP: 9/9
  4160 | D:5      | Entered Level 5 of the Dungeon
  4191 | D:5      | Reached ** piety under Okawaru
  4192 | D:5      | Reached skill level 1 in Spellcasting
  4192 | D:5      | Reached skill level 1 in Translocations
  4228 | D:5      | Reached skill level 5 in Fighting
  4648 | D:5      | Reached XP level 8. HP: 63/63 MP: 11/11
  4749 | D:5      | Found a staircase to the Ecumenical Temple.
  4910 | D:5      | Identified the +8 mace of Goeh {vorpal, Will+}
  5146 | D:6      | Identified a scroll of acquirement
  5146 | D:6      | Acquired the +0 buckler of Ehaedob {+Inv rF+ Regen+ Slay+3}
  5260 | D:6      | Reached skill level 1 in Shields
  5285 | D:6      | Reached *** piety under Okawaru
  6039 | D:7      | Reached XP level 9. HP: 71/71 MP: 12/12
  6071 | D:7      | Reached skill level 7 in Dodging
  6077 | D:7      | Acquired the +5 demon trident "Ovvuatagu" {freeze, Int+2
                  | Dex+5}
  6194 | D:7      | Reached **** piety under Okawaru
  6292 | D:7      | Reached skill level 10 in Polearms
  6292 | D:7      | Reached skill level 8 in Dodging
  6376 | D:7      | Found a runed translucent gate.
  6377 | D:7      | Found a runed translucent gate.
  6377 | D:7      | Found an opulent altar of Gozag.
  6378 | D:7      | Found a runed translucent gate.
  6380 | D:7      | Noticed ardl's ghost (novice OgGl)
  6380 | D:7      | Noticed a green ugly thing
  6697 | D:8      | Reached skill level 9 in Dodging
  6803 | D:8      | Noticed an unseen horror
  6803 | D:8      | an unseen horror changed into a tarantella
  6810 | D:8      | Noticed a meliai
  6810 | D:8      | a tarantella changed into a meliai
  6813 | D:8      | Killed a meliai
  6822 | D:8      | Reached ***** piety under Okawaru
  6823 | D:8      | Reached XP level 10. HP: 44/79 MP: 14/14
  6914 | D:8      | Received a gift from Okawaru
  6949 | D:8      | Reached skill level 5 in Invocations
  6963 | D:8      | Found the +3 Elemental Staff {rElec rF++ rC++ AC+5}
  7089 | D:8      | Noticed a cyclops
  7099 | D:8      | Killed a cyclops
  7099 | D:8      | Received a gift from Okawaru
  7116 | D:8      | Identified the ring of Sasunt {+Blink rC+ Will+ Int-5
                  | Dex+2}
  7303 | D:8      | Reached skill level 1 in Evocations
  7523 | D:8      | Noticed a gargoyle
  7530 | D:8      | Killed a gargoyle
  7606 | D:7      | Killed ardl's ghost
  7607 | D:7      | Reached skill level 10 in Dodging
  7619 | D:7      | Killed a green ugly thing
  7620 | D:7      | Reached XP level 11. HP: 80/87 MP: 10/15
  7694 | D:9      | Acquired a +1 cloak of poison resistance
  7793 | D:9      | Noticed Joseph
  7829 | D:9      | Killed Joseph
  7877 | D:9      | Received a gift from Okawaru
  7962 | D:9      | Found a staircase to the Orcish Mines.
  8048 | D:9      | Reached skill level 11 in Dodging
  8322 | D:10     | Entered Level 10 of the Dungeon
  8479 | D:10     | Found a hazy altar of Hepliaklqana.
  8644 | D:10     | Reached skill level 12 in Dodging
  8657 | D:10     | Reached skill level 10 in Fighting
  8683 | D:10     | Found a staircase to the Lair.
  8709 | D:10     | Noticed a centaur warrior
  8723 | D:10     | Killed a centaur warrior
  8723 | D:10     | Received a gift from Okawaru
  9300 | Lair:1   | Entered Level 1 of the Lair of Beasts
  9336 | D:10     | Reached XP level 12. HP: 97/97 MP: 15/17
  9390 | Lair:1   | Received a gift from Okawaru
  9428 | Lair:1   | Noticed a four-headed hydra
  9446 | Lair:1   | Killed a four-headed hydra
 10602 | Lair:2   | Reached skill level 13 in Dodging
 10624 | Lair:2   | Reached skill level 15 in Polearms
 10632 | Lair:2   | Received a gift from Okawaru
 10694 | Lair:2   | Noticed Fannar
 10696 | Lair:2   | Received a gift from Okawaru
 10718 | Lair:2   | Killed Fannar
 10998 | Lair:2   | Reached skill level 1 in Staves
 11198 | Lair:3   | Found a staircase to the Snake Pit.
 11221 | Lair:3   | Reached XP level 13. HP: 106/107 MP: 19/19
 11247 | Lair:3   | Reached skill level 14 in Dodging
 11291 | Lair:3   | Reached ****** piety under Okawaru
 11541 | Lair:3   | Got the Collected Works on the Traveller and Evil Magic
 11542 | Lair:3   | Identified the +8 quarterstaff of Defilement {flame, rCorr
                  | Dex+4}
 11688 | Lair:3   | Found a shadowy altar of Dithmenos.
 11823 | Lair:4   | Found a staircase to the Swamp.
 11992 | Lair:4   | Identified the +2 pair of boots of Cueguz {Dex+4} (Okawaru
                  | gifted it to you on level 4 of the Lair of Beasts)
 11992 | Lair:4   | Received a gift from Okawaru
 12055 | Lair:4   | Found a large runed translucent door.
 12059 | Lair:4   | Found a large runed translucent door.
 12071 | Lair:4   | Noticed Aluic's ghost (adept MiBe)
 12474 | Lair:5   | Noticed Sonja
 12482 | Lair:5   | Killed Sonja
 12676 | Lair:5   | Found a staircase to the Slime Pits.
 12709 | Lair:5   | Reached skill level 15 in Dodging
 12852 | Lair:5   | Reached skill level 5 in Spellcasting
 12860 | Lair:5   | Reached skill level 5 in Armour
 13036 | Lair:5   | Reached XP level 14. HP: 93/116 MP: 21/21
 13147 | Lair:5   | Received a gift from Okawaru
 13169 | Lair:6   | Entered Level 6 of the Lair of Beasts
 13672 | Lair:6   | Reached skill level 16 in Dodging
 13927 | Lair:6   | Learned a level 5 spell: Manifold Assault
 13975 | Lair:6   | Received a gift from Okawaru
 14076 | Lair:6   | Noticed a dire elephant
 14098 | Lair:6   | Killed a dire elephant
 14101 | Lair:6   | Reached skill level 17 in Dodging
 14162 | Lair:6   | Reached skill level 5 in Translocations
 14184 | Lair:6   | Noticed a dire elephant
 14210 | Lair:6   | Killed a dire elephant
 14452 | Lair:6   | Found a shimmering altar of Xom.
 14738 | Orc:1    | Entered Level 1 of the Orcish Mines
 14753 | Orc:1    | Received a gift from Okawaru
 14783 | Orc:1    | Learned a level 1 spell: Apportation
 14787 | Orc:1    | Learned a level 3 spell: Lesser Beckoning
 14890 | Orc:2    | Entered Level 2 of the Orcish Mines
 15052 | Orc:2    | Found a staircase to the Elven Halls.
 15165 | Orc:1    | Found Vitog's Assorted Antiques.
 15180 | Orc:1    | Bought a smoky amethyst potion for 26 gold pieces
 15475 | Orc:2    | Found a runed translucent door.
 15476 | Orc:2    | Noticed croobank's ghost (journeyman DgFi)
 15491 | Orc:2    | Killed croobank's ghost
 15734 | Orc:2    | Reached XP level 15. HP: 127/127 MP: 22/22
 15757 | Orc:2    | Noticed an orc warlord
 15803 | Orc:2    | Killed an orc warlord
 15845 | Orc:2    | Reached skill level 18 in Dodging
 16055 | Orc:2    | Found Cocwibig's Antique Weapon Emporium.
 16060 | Orc:2    | Found Wuuz's Jewellery Emporium.
 16072 | Orc:2    | Found Ehaz Liy's Antique Armour Emporium.
 16291 | Orc:2    | Found Itsanar's General Store.
 16332 | Orc:2    | Found a bloodstained altar of Trog.
 16513 | D:11     | Received a gift from Okawaru
 16514 | D:11     | Reached skill level 15 in Fighting
 17687 | D:12     | Found Yxubo's Antique Weapon Boutique.
 17803 | D:12     | Identified the +5 rapier "Qocewn" {venom, rElec rC+ Str-4
                  | Stlth+}
 19517 | D:13     | Received a gift from Okawaru
 19593 | D:14     | Reached skill level 19 in Dodging
 19602 | D:14     | Noticed Nessos
 19622 | D:14     | Killed Nessos
 19660 | D:14     | Found Odisamn's Armour Shop.
 19698 | D:14     | Received a gift from Okawaru
 19734 | D:14     | Found a gate to the Vaults.
 19761 | D:14     | Found a gate leading to a gauntlet.
 19774 | Gauntlet | Entered a Gauntlet
 19774 | Gauntlet | Found a transporter.
 19774 | Gauntlet | Found a transporter.
 19774 | Gauntlet | Found a transporter.
 19817 | Gauntlet | Found a transporter.
 19827 | Gauntlet | Found a transporter.
 19893 | Gauntlet | Found a transporter.
 19913 | Gauntlet | Found a transporter.
 19918 | Gauntlet | Found a transporter.
 19930 | Gauntlet | Found a transporter.
 19943 | Gauntlet | Found a transporter.
 19949 | Gauntlet | Found a transporter.
 19970 | Gauntlet | Found a transporter.
 20030 | Gauntlet | Reached XP level 16. HP: 138/138 MP: 15/25
 20037 | Gauntlet | Identified the amulet "Pibexeth" {Faith rC+ rN+ Int-5}
 20057 | Gauntlet | Received a gift from Okawaru
 20174 | Gauntlet | Identified the +1 hat "Ykkeref" {rC+}
 20209 | Gauntlet | Got the Handbook of the Entourage and the Mountains
 20314 | D:14     | Got the Reference Book on Unholy Rites
 20395 | D:14     | Found a broken altar of Ashenzari.
 20662 | D:14     | Noticed Josephine
 20682 | D:14     | Killed Josephine
 20994 | D:14     | Reached skill level 20 in Dodging
 20994 | D:14     | Noticed Louise
 21031 | D:14     | Killed Louise
 21747 | D:15     | Entered Level 15 of the Dungeon
 21863 | D:15     | Found a staircase to the Depths.
 22373 | D:15     | Found a runed translucent gate.
 22373 | D:15     | Noticed Jargonaut's ghost (journeyman MiGl)
 22374 | D:15     | Found a runed translucent gate.
 22374 | D:15     | Identified the +1 plate armour "Puurph" {rN+ Stlth+}
 22374 | D:15     | Identified the +0 kite shield "Figer" {Stlth+}
 22375 | D:15     | Found a runed translucent gate.
 22920 | Swamp:1  | Entered Level 1 of the Swamp
 22994 | Swamp:1  | Received a gift from Okawaru
 23453 | Swamp:1  | Identified the +2 chain mail of Chimes {+Inv}
 23917 | Swamp:2  | Identified the +12 plate armour of Majestic Happiness
                  | {Str+3}
 24140 | Swamp:2  | Identified the +4 triple crossbow of the Wolf {penet, Will-
                  | Dex+6 SInv} (Okawaru gifted it to you on level 2 of the
                  | Swamp)
 24140 | Swamp:2  | Received a gift from Okawaru
 24705 | Swamp:2  | Noticed a thorn hunter
 24714 | Swamp:2  | Reached skill level 21 in Dodging
 24714 | Swamp:2  | Reached XP level 17. HP: 117/149 MP: 24/27
 25437 | Swamp:3  | Received a gift from Okawaru
 25566 | Swamp:4  | Entered Level 4 of the Swamp
 25784 | Swamp:4  | Paralysed by a fenstrider witch for 7 turns
 25806 | Swamp:4  | Paralysed by a fenstrider witch for 6 turns
 26472 | Swamp:4  | Reached skill level 22 in Dodging
 26885 | Swamp:4  | Got a decaying rune of Zot
 27109 | Snake:1  | Entered Level 1 of the Snake Pit
 27143 | Snake:1  | Received a gift from Okawaru
 27728 | Snake:1  | Noticed Kirke
 27734 | Snake:1  | Killed Kirke
 28751 | Snake:2  | Noticed Jorgrun
 28775 | Snake:2  | Killed Jorgrun
 28775 | Snake:2  | Received a gift from Okawaru
 28776 | Snake:2  | Reached skill level 10 in Armour
 28776 | Snake:2  | Reached XP level 18. HP: 66/157 MP: 23/28
 29012 | Snake:2  | Found Apoonime's Weapon Shop.
 29012 | Snake:2  | Found Jaarorid's Book Boutique.
 29013 | Snake:2  | Found Pelukou's General Store.
 29036 | Snake:2  | Found Imasuryo's Weapon Shop.
 29133 | Snake:2  | Received a gift from Okawaru
 29490 | Snake:2  | Found Hejoarel's Antique Weapon Shop.
 30153 | Snake:3  | Noticed Aizul
 30165 | Snake:3  | Killed Aizul
 30555 | Snake:3  | Noticed Vashnia
 30593 | Snake:3  | Killed Vashnia
 30617 | Snake:3  | Received a gift from Okawaru
 31031 | Snake:3  | Found a glowing silver altar of Zin.
 31153 | Snake:4  | Entered Level 4 of the Snake Pit
 31258 | Snake:4  | Noticed Agnes
 31274 | Snake:4  | Killed Agnes
 31381 | Snake:4  | Noticed Nikola
 31428 | Snake:4  | Killed from afar by Nikola

Illustrated notes

Levels and vault maps discovered:
D:1:      ebering_hopf_link, layout_loops_corners,
          shapermc_ecumenical_altar_mp_urbaneastern,
          chequers_serial_rivers_marsh, st_stairs_9
D:2:      layout_basic, basic_altar, st_stairs_9
D:3:      layout_loops_ring
D:4:      layout_gridville, mainiacjoe_overflow_tiny_flanked, uniq_sigmund
D:5:      layout_loops_ring, minmay_temple_entry_nine_rooms
D:6:      layout_loops_ring
D:7:      layout_loops_ring, ebering_ghost_gozag
D:8:      layout_basic, minmay_shattered_shrine
D:9:      layout_basic, david_orc_5, uniq_joseph
D:10:     layout_cave_pods, nzn_hepliaklqana_mist_gate, david_lair_generic,
          corner_web_ring
D:11:     layout_small_grid, minmay_beelzebubs_servants
D:12:     layout_gridville, serial_shops, nicolae_shop_behind_doors
D:13:     layout_basic
D:14:     layout_basic, david_vaults_2, gauntlet_entry_generic, serial_shops,
          nicolae_diamond_shop, cheibrodos_ashenzari_chains, uniq_josephine,
          uniq_nessos, uniq_louise
D:15:     grunt_enter_depths_giant_problem, layout_stronghold,
          biasface_ghost_orc_armoury
Lair:1:   layout_chaotic_city, minivault_27
Lair:2:   layout_loops_ring, uniq_fannar
Lair:3:   beast_lair_carwin_large_1, layout_misc_corridors,
          guppyfry_snake_entry_garden, basic_altar, minmay_holes,
          grunt_megastairs_2
Lair:4:   layout_roguey, swamp_mist, ebering_ghost_disaster_area,
          minmay_stone_trees_medium
Lair:5:   regret_index_tunnel_blossom, layout_regular_city,
          nicolae_slime_entry_slimehenge, uniq_sonja
Lair:6:   hangedman_lair_in_review, layout_misc_corridors, basic_altar
Swamp:1:  layout_falls_marsh, evilmike_swamp_ruin_rubble_1, swamp_pool5
Swamp:2:  layout_falls_marsh, evilmike_swamp_ruin_wall, swamp_pool3,
          nicolae_swamp_catching_bugs
Swamp:3:  layout_basic_swamp, nicolae_swamp_well_well_well, swamp_pool5
Swamp:4:  swamp_vile, layout_basic_swamp, infiniplex_staircase_pool
Snake:1:  layout_chambers, grunt_megastairs_3, uniq_kirke
Snake:2:  layout_concentric_octagons, serial_shops, nicolae_shop_hallway_stairs,
          minmay_shoptagon, uniq_jorgrun
Snake:3:  layout_gridlike, basic_altar, grunt_megastairs_1, uniq_vashnia,
          uniq_aizul
Snake:4:  hellmonk_snake_rune_quicksilver_temple, layout_cave_town,
          serial_bayou_shore_a, uniq_nikola, uniq_agnes
Orc:1:    layout_caves, serial_shops, shop
Orc:2:    grunt_orc_cross, layout_caves, ebering_ghost_reflecting_pool,
          lemuel_statue_altar

Skill      XL: |  1  2  3  4  5  6  7  8  9 10 11 12 13 14 15 16 17 18 |
---------------+-------------------------------------------------------+-----
Polearms       | 5 7 8 10 11 14 15 | 15.0
Armour         | 1 2 4 5 6 10 | 10.0
Fighting       | 3 4 5 6 7 8 10 11 12 14 16 17 18 20 | 20.0
Dodging        | 5 6 9 10 12 13 15 17 19 21 22 | 22.0
Invocations    | 1 2 3 4 5 6 8 |  8.0
Spellcasting   | 2 3 4 5 6 7 |  7.0
Translocations | 1 2 3 4 5 6 7 |  7.0
Shields        | 4 |  4.0
Evocations     | 3 |  3.0
Staves         | 1 3 |  3.8
Throwing       | |  2.0

Action                   |  1- 3 |  4- 6 |  7- 9 | 10-12 | 13-15 | 16-18 || total
-------------------------+-------+-------+-------+-------+-------+-------++-------
Melee: Trident           |   119 |   116 |   114 |       |       |       ||   349
       Halberd           |       |    22 |    65 |       |       |       ||    87
       Demon trident     |       |       |   104 |   595 |  1303 |  1273 ||  3275
       Staff             |       |       |       |    20 |       |    18 ||    38
       Tailslap          |       |       |       |       |     1 |    69 ||    70
Invok: Finesse           |       |       |       |     2 |     2 |     2 ||     6
       Heroism           |       |       |       |     1 |     1 |     2 ||     4
  Use: Scroll            |     1 |    11 |     6 |     8 |     5 |     3 ||    34
       Potion            |       |     2 |       |       |       |     3 ||     5
 Stab: Sleeping          |     4 |     3 |       |     4 |     7 |     8 ||    26
       Distracted        |       |       |       |       |     1 |     2 ||     3
Armor: Leather armour    |    14 |    10 |       |       |       |       ||    24
       Scale mail        |       |     9 |    43 |    49 |       |       ||   101
       Steam dragon scal |       |       |       |     5 |   106 |    24 ||   135
       Plate armour      |       |       |       |       |       |   178 ||   178
Dodge: Dodged            |    58 |    79 |   104 |   263 |   815 |   784 ||  2103
Block: Buckler           |       |       |    38 |    96 |   270 |   242 ||   646

Table legend: (Time is in decaauts)
 A = Elapsed time spent in this place.
 B = Non-inter-level travel time spent in this place.
 C = Inter-level travel time spent in this place.
 D = Time resting spent in this place.
 E = Time spent auto-exploring this place.
 F = Levels seen in this place.
 G = Mean time per level.
                   A        B        C        D        E       F      G
               +--------+--------+--------+--------+--------+-----+--------+
         Total |  29862 |  28288 |   1574 |   1446 |  19621 |  32 |  933.2 |
       Dungeon |  15203 |  14356 |    847 |    803 |  10354 |  15 | 1013.5 |
          Lair |   5022 |   4631 |    391 |     64 |   3346 |   6 |  837.0 |
         Swamp |   3548 |   3412 |    136 |    313 |   2081 |   4 |  887.0 |
     Snake Pit |   4148 |   4026 |    122 |    250 |   2811 |   4 | 1037.0 |
  Orcish Mines |   1491 |   1415 |     76 |     16 |    727 |   2 |  745.5 |
      Gauntlet |    448 |    448 |      0 |      0 |    300 |   1 |  448.0 |
               +--------+--------+--------+--------+--------+-----+--------+

Top non-repeatable levels by time:
    D:14: 1652 daAuts
 Snake:1: 1639 daAuts
     D:4: 1324 daAuts
    D:11: 1151 daAuts
 Snake:3: 1145 daAuts
 Snake:2: 1111 daAuts
    D:12: 1071 daAuts
     D:2: 1062 daAuts
 Swamp:2: 1050 daAuts
 Swamp:4: 1045 daAuts
    D:10: 1034 daAuts
     D:8: 1023 daAuts
  Lair:5: 1013 daAuts
   Orc:2: 1012 daAuts
     D:5: 993 daAuts
